 Dungeon Crawl Stone Soup version 0.27.0 (webtiles) character file.

Game seed: 845538078670136966

36 eccles the Skirmisher (level 3, -1/31 HPs)
             Began as a Palentonga Fighter on July 30, 2021.
             Slain by a gnoll (3 damage)
             ... on level 2 of the Dungeon.
             The game lasted 00:05:14 (932 turns).

eccles the Skirmisher (Palentonga Fighter)           Turns: 932, Time: 00:05:15

Health: -1/31      AC:  7    Str: 20    XL:     3   Next: 19%
Magic:  3/3        EV:  5    Int:  8    God:
Gold:   20         SH:  8    Dex:  9    Spells: 2/2 levels left

rFire    . . .     SeeInvis +   a - +0 war axe
rCold    . . .     Faith    .   c - +0 kite shield
rNeg     . . .     Spirit   .   b - +0 scale mail
rPois    .         Reflect  .   e - +0 helmet
rElec    .         Harm     .   (no cloak)
rCorr    .         Rampage  .   (no gloves)
Will     .....                  (no barding)
Stlth    ..........             (no amulet)
HPRegen  0.10/turn              (no ring)
MPRegen  0.08/turn              (no ring)

@: no status effects
A: large, rugged brown scales 3, see invisible, deformed body, roll 1, armoured
tail
a: Rolling Charge


You were on level 2 of the Dungeon.
You visited 1 branch of the dungeon, and saw 2 of its levels.

You collected 20 gold pieces.

Inventory:

Hand Weapons
 a - a +0 war axe (weapon)
Missiles
 f - 37 sling bullets
 g - 25 bolts
Armour
 b - a +0 scale mail (worn)
 c - a +0 kite shield (worn)
 e - a +0 helmet (worn)
Potions
 d - a potion of might


   Skills:
 + Level 3.3 Fighting
 + Level 2.1 Axes
 + Level 2.8 Armour
 + Level 0.1 Dodging
 + Level 2.8 Shields


You had 2 spell levels left.
You didn't know any spells.
Your spell library was empty.

Dungeon Overview and Level Annotations

Branches:
Dungeon (2/15)

Altars:


Innate Abilities, Weirdness & Mutations

You are completely covered in rugged brown scales. (AC +3, +7% HP)
You have supernaturally acute eyesight. (SInv)
Armour fits poorly on your strangely shaped body.
You can roll at nearby foes to attack.
You have a long armoured tail.


Message History

You hit the gnoll.
The gnoll is heavily wounded.
The gnoll hits you but does no damage. The gnoll hits you with a +4 whip.
The gnoll hits you but does no damage. The gnoll hits you with a +4 whip!
* * * LOW HITPOINT WARNING * * *
You hit the gnoll. You tail-slap the gnoll.
You kill the gnoll!
You block the gnoll's attack.
The gnoll hits you from afar with a +1 antimagic spear.
* * * LOW HITPOINT WARNING * * *
Roll where?
Press: ? - help, Q - select action Dir - move target You can't see anything there to charge at.
Okay, then.
Okay, then.
Found 9 gold pieces.
Roll where?
Press: ? - help, Q - select action Dir - move target, f - gnoll
Aim: a gnoll, wielding a +1 antimagic spear You roll forward with a clatter of scales!
You hit the gnoll.
The gnoll is heavily wounded.
The gnoll barely misses you.
You hit the gnoll.
Your tail-slap misses the gnoll.
The gnoll is severely wounded.
The gnoll hits you with a +1 antimagic spear.
* * * LOW HITPOINT WARNING * * *
You block the gnoll's attack.
You barely miss the gnoll. You tail-slap the gnoll.
You kill the gnoll!
You have reached level 3!
Your experience leads to an increase in your attributes!
Increase (S)trength, (I)ntelligence, or (D)exterity?
You feel stronger.
You barely miss the gnoll. The gnoll hits you but does no damage.
The gnoll hits you with a +0 whip.
* * * LOW HITPOINT WARNING * * *
You closely miss the gnoll.
Your tail-slap misses the gnoll.
The gnoll hits you but does no damage. The gnoll hits you with a +0 whip.
You die...

#.. #$# .♣
# #.# ♣.♣
.#
#.##♣.♣##.#
##.#.♣.♣...
....#.#.#
#.#.#...#
#.##...##.#
#.@g......#
#####.#####
#.# #.##
#g.#
##♣#♣#♣#♣.#
#....g.g..#
#.♣#♣#♣#♣##
#..........


You could see a gnoll.

Vanquished Creatures
  2 gnolls (D:2)
  2 ball pythons (D:1)
  An endoplasm (D:1)
  2 goblins (D:1)
  2 hobgoblins (D:1)
  A quokka (D:1)
  A bat (D:1)
  2 frilled lizards
  3 kobolds
  2 rats (D:1)
18 creatures vanquished.

Vanquished Creatures (others)
  5 toadstools (D:1)
5 creatures vanquished.

Grand Total: 23 creatures vanquished

Notes
Turn   | Place    | Note
-------+----------+-------------------------------------------
     0 | D:1      | eccles the Palentonga Fighter began the quest for the Orb.
     0 | D:1      | Reached XP level 1. HP: 19/19 MP: 1/1
   408 | D:1      | Reached XP level 2. HP: 25/25 MP: 2/2
   601 | D:1      | Found a faded altar of an unknown god.
   931 | D:2      | Reached XP level 3. HP: 6/31 MP: 3/3
   932 | D:2      | Slain by a gnoll

Illustrated notes

Levels and vault maps discovered:
D:1:      ldierk_walled_garden, layout_basic, basic_ecumenical_altar,
          serial_curves, eino_curves_02, eino_curves_04, minmay_close_crescents
D:2:      layout_loops_corners, serial_shops, nicolae_square_shop,
          serial_forest, infiniplex_forest_lined_corner,
          infiniplex_forest_straight_3, infiniplex_forest_lined_2,
          infiniplex_forest_clump_large, infiniplex_forest_corner_1,
          infiniplex_forest_clump_double, infiniplex_forest_end_2,
          infiniplex_forest_straight_2, basic_altar, uniq_terence

Action                   || total
-------------------------++-------
Melee: War axe           ||    66
       Tailslap          ||     9
 Abil: Rolling Charge    ||     6
Armor: Scale mail        ||    42
Dodge: Dodged            ||    16
Block: Kite shield       ||    34
